[Event "Late-Titled-Tuesday-Blitz-February-06-2024"]
[Site "Chess.com"]
[Date "2024.02.06"]
[Round "6"]
[White "Fh2411"]
[Black "andrzej"]
[Result "0-1"]
[WhiteElo "2597"]
[BlackElo "2455"]
[TimeControl "180+1"]
[EndTime "15:07:47 PST"]
[Termination "andrzej won by resignation"]

1. d4 d5 2. Nf3 Nf6 3. Bf4 c5 4. e3 Nc6 5. Nbd2 cxd4 6. exd4 Qb6 7. Nb3 Bf5 8. c3 e6 9. h3 Be7 10. a4 a6 11. a5 Qd8 12. Be2 O-O 13. O-O h6 14.
Ne1 Ne4 15. Nd3 Bg5 16. Bh2 Re8 17. Ndc5 Nxc5 18. Nxc5 Qc8 19. b4 Bf6 20. f4 Na7 21.
Bg3 Nb5 22. Bxb5 axb5 23. Qe1 Qc6 24. Bh4 b6 25. Bxf6 bxc5 26. Qg3 Bg6 27. Be5 cxb4 28.
cxb4 Qc4 29. Rab1 Kf8 30. Rb2 Red8 31. f5 exf5 32. h4 h5 33. Rf3 Qc1+ 34. Kh2 Qxb2 35. Rxf5 Qxb4 36. Rxh5 Qxa5 37. Rg5 Qa3 38. h5 Qxg3+ 39.
Kxg3 Be4 40. Bxg7+ Ke7 41. h6 Ra3+ 42. Kh4 f6 43. Rg4 f5 44. Rg6 Rc8 45. Be5 f4 46. Rg7+ Ke6 47. Bxf4 Ra1 48. g3 Rh1+ 49. Kg5 Rf8 50. g4 Rf1 51. Be5 Rg1 52. Rb7 Bf3 53. Rb6+ Kd7 54. Rb7+ Kc6 55. Rc7+ Kb6 56. h7 Rxg4+ 57.
Kh6 Rh4+ 58. Kg5 Rg4+ 59. Kh6 Rh4+ 60. Kg5 Rh1 61. h8=Q Rfxh8 62. Rf7 Rg8+ 63. Kf4 Be4 64. Bd6 Rf1+ 0-1

[Event "Late-Titled-Tuesday-Blitz-February-06-2024"]
[Site "Chess.com"]
[Date "2024.02.06"]
[Round "6"]
[White "SpeedofLight0"]
[Black "GMBenjaminBok"]
[Result "0-1"]
[WhiteElo "3039"]
[BlackElo "3007"]
[TimeControl "180+1"]
[EndTime "15:07:49 PST"]
[Termination "GMBenjaminBok won on time"]

1. d4 Nf6 2. Nc3 d5 3. Bf4 c5 4.
e3 cxd4 5. exd4 a6 6. Nf3 Nc6 7. Ne5 Bd7 8. Be2 e6 9. O-O Be7 10. Qd2 Qb6 11. Rad1 O-O 12. Bg5 Rfd8 13. Qe3 Rac8 14.
Bd3 Be8 15. Qh3 Nxd4 16. Bxh7+ Nxh7 17. Bxe7 Qxb2 18. Rxd4 Rxc3 19. Nd3 Rxd3 20. Rxd3 Rc8 21. Rxd5 Qxc2 22. Rd4 Qxa2 23. Rfd1 Qc2 24. Qe3 Nf8 25. h3 Ng6 26. Bg5 Kh7 27. Rd8 Rxd8 28. Rxd8 Bc6 29. Kh2 Qf5 30. g4 Qe5+ 31. Qxe5 Nxe5 32. Kg3 a5 33.
Bd2 a4 34. Bc3 Nc4 35. Ra8 b5 36. Ra6 Bd5 37. Bb4 Ne5 38. Rb6 Bc4 39. f4 Nd3 40. Bd6 f6 41. Kf3 Bd5+ 42. Ke3 Bc4 43. Kd4 Ne1 44. Ke3 Nd3 45. h4 Nb2 46. h5 Nd1+ 47. Kd4 Nf2 48. g5 fxg5 49. fxg5 Nh3 50. g6+ Kh6 51.
Bf8 Kxh5 52. Bxg7 Kxg6 53. Be5 Kf5 54. Rb7 Ng5 55. Bd6 Nf3+ 56. Ke3 Ng5 57. Ra7 e5 58. Re7 e4 59. Re5+ Kf6 60. Re8 Bd3 61. Ra8 Ke6 62. Bb4 Nf3 63. Ra6+ Kd5 64. Ra8 Kc4 65. Bf8 Kb3 66.
Rb8 a3 67. Ra8 a2 68. Ra3+ Kb2 69. Ra5 Ne1 70. Kd2 Nc2 71. Bg7+ Kb1 72. Bc3 b4 73. Be5 b3 0-1

[Event "Late-Titled-Tuesday-Blitz-February-06-2024"]
[Site "Chess.com"]
[Date "2024.02.06"]
[Round "6"]
[White "dretch"]
[Black "Rud_Makarian"]
[Result "1/2-1/2"]
[WhiteElo "2834"]
[BlackElo "3030"]
[TimeControl "180+1"]
[EndTime "15:07:54 PST"]
[Termination "Game drawn by repetition"]

1. d4 Nf6 2. c4 e6 3. Nc3 d5 4.
cxd5 exd5 5. Bg5 c6 6. e3 Bf5 7. Qf3 Bg6 8. Bxf6 Qxf6 9. Qxf6 gxf6 10. Nf3 a5 11. Nh4 a4 12. a3 b5 13. Be2 Nd7 14. O-O Nb6 15. Rfe1 Kd7 16. Rac1 Nc4 17. e4 Bh6 18.
exd5 Bxc1 19. dxc6+ Kxc6 20. Rxc1 Rae8 21. f4 Be4 22.
Nxe4 Rxe4 23. Bf3 Re8 24. Re1 Nd2 25. Bxe4+ Rxe4 26. Rxe4 Nxe4 27. Nf5 Kd5 28. Kf1 Nd2+ 29. Ke2 Nc4 30. Kd3 Nxb2+ 31. Kc3 Nc4 32. Kb4 Ke4 33.
Nh6 Kxd4 34. Nxf7 Ke4 35. g3 h5 36. Nh6 h4 37. Ng8 hxg3 38. hxg3 Kf5 39. Nh6+ Kg6 40.
Ng4 Kf5 41. Nf2 Ke6 42. Ne4 Kf5 43. Nc3 Kg4 44. Nxb5 Ne3 45. Nd4 Kxg3 46. f5 Kf4 47. Kxa4 Ke4 48. Ne2 Nxf5 49. Kb4 Nd6 50. a4 Ke3 51.
Ng3 Kf4 52. Nf1 f5 53. Kc5 Nc8 54. a5 Kf3 55. a6 Kf2 56. Nd2 f4 57. Ne4+ Ke3 58.
Ng5 f3 59. Nh3 f2 60. Nxf2 Kxf2 61. Kc6 Na7+ 62. Kb6 Nc8+ 63. Kc7 Na7 64. Kb7 Nb5 65. Kb6 Nd6 66. Kc6 Nc8 67. Kb7 Nd6+ 68. Kb8 Nb5 69. Kb7 Nd6+ 70. Kb6 Nc8+ 71. Kc7 Na7 72. Kd6 Nb5+ 73.
Kc5 Na7 74. Kb6 Nc8+ 1/2-1/2

[Event "Late-Titled-Tuesday-Blitz-February-06-2024"]
[Site "Chess.com"]
[Date "2024.02.06"]
[Round "6"]
[White "alexrustemov"]
[Black "HaryKane"]
[Result "1-0"]
[WhiteElo "2782"]
[BlackElo "2563"]
[TimeControl "180+1"]
[EndTime "15:07:55 PST"]
[Termination "alexrustemov won by resignation"]

1. d4 e6 2. c4 f5 3. g3 Nf6 4. Bg2 d5 5. Nf3 c6 6. Bf4 Be7 7. O-O O-O 8. Nbd2 Ne4 9. Qc2 g5 10. Bxb8 Rxb8 11. Ne5 Bf6 12. Nxe4 dxe4 13. Rad1 Qc7 14.
f4 gxf4 15. gxf4 c5 16. e3 cxd4 17. exd4 Bd7 18. Nxd7 Qxd7 19. d5 Rbc8 20. Qe2 Qe7 21. b3 Rfd8 22. Kh1 Kh8 23. Bh3 b5 24. dxe6 Qxe6 25.
Qh5 Rxd1 26. Rxd1 Rc5 27. Rd5 Rxd5 28. cxd5 Qxd5 29. Bxf5 e3+ 30. Kg1 Qg8+ 31. Kf1 Bd4 32. Be4 e2+ 33. Kxe2 Bf6 34. Kf3 a5 35. Qxb5 Qg1 36.
Qe8+ Kg7 37. Qd7+ Kf8 38. Qc8+ Ke7 39. Qc7+ Kf8 40. Qd6+ Kg7 41. Qd7+ Kf8 42. Qd2 Qf1+ 43. Qf2 Qd1+ 44. Qe2 Qh1+ 45. Kg3 Qg1+ 46. Bg2 Qc5 47. Qd3 h5 48. Kf3 h4 49. h3 Qh5+ 50. Kf2 Qc5+ 51. Ke2 Qg1 52. Qf3 Qc1 53. Kd3 Qb1+ 54. Kc4 Qxa2 55.
Qd3 Qb2 56. Bd5 Qc1+ 57. Kb5 Qc7 58. Bc4 Qxf4 59. Qd5 Qb8+ 60. Kc6 Qc8+ 61. Kd6 Be7+ 62. Ke5 Qc7+ 63. Kf5 Qc8+ 64. Kg6 Qe8+ 65. Kh6 Bf6 66. Qg8+ Ke7 67. Qe6+ Kd8 68. Qxf6+ Qe7 69. Qxe7+ Kxe7 70. Kg5 Kd6 71. Kxh4 a4 72. bxa4 1-0

[Event "Late-Titled-Tuesday-Blitz-February-06-2024"]
[Site "Chess.com"]
[Date "2024.02.06"]
[Round "6"]
[White "Jarrahi2452"]
[Black "Pelusiansky"]
[Result "1/2-1/2"]
[WhiteElo "2796"]
[BlackElo "2487"]
[TimeControl "180+1"]
[EndTime "15:07:56 PST"]
[Termination "Game drawn by repetition"]

1. e4 c6 2. d4 d5 3. Nc3 dxe4 4. Nxe4 Nf6 5. Nxf6+ exf6 6. c3 Bd6 7. Bd3 O-O 8. h4 Re8+ 9. Ne2 Nd7 10. Be3 Nf8 11.
Qd2 Be6 12. h5 b5 13. f3 Qe7 14. Kf2 Qc7 15. Bf4 Bc4 16. Bxd6 Qxd6 17. Nf4 c5 18. Bxc4 bxc4 19. g4 Rab8 20. Ne2 Ne6 21. Rad1 cxd4 22. Nxd4 Nc5 23. Kg2 Nd3 24. b3 Nf4+ 25. Kf1 Rbd8 26. bxc4 h6 27. Rg1 Qc7 28. c5 Nd5 29. Re1 Qxc5 30. Kg2 Rxe1 31. Rxe1 Nxc3 32. Rc1 Qxd4 33. Qxd4 Rxd4 34. Rxc3 Rd2+ 35. Kg3 Rxa2 36. Rc8+ Kh7 37.
Rc7 Kg8 38. Rc8+ Kh7 39. Rc7 a5 40. Rxf7 a4 41. Ra7 Ra1 42. Kf4 Kg8 43. Kf5 Kh7 44.
Ke6 a3 45. Kf7 a2 46. Kf8 Kh8 47. Ra8 Kh7 48. Kf7 Rf1 49. Rxa2 Rxf3 50. Ke6 Rf4 51. Rg2 Re4+ 52. Kf5 Re5+ 53. Kf4 Rg5 54. Rh2 Kg8 55. Rh1 Re5 56. Ra1 Kf7 57. Ra7+ Re7 58.
Ra6 Rd7 59. Rb6 Rd4+ 60. Kf5 Rd5+ 61. Kf4 Rg5 62. Rb7+ Kg8 63. Rb8+ Kh7 64. Rb7 Re5 65. Ra7 Re1 66. Rc7 Rf1+ 67. Ke4 Rg1 68. Kf4 Rd1 69. Ra7 Rd4+ 70. Kf5 Rd5+ 71. Kf4 Rg5 72. Rb7 Kh8 73. Rb8+ Kh7 74. Rb7 1/2-1/2

[Event "Late-Titled-Tuesday-Blitz-February-06-2024"]
[Site "Chess.com"]
[Date "2024.02.06"]
[Round "6"]
[White "Canal_Showdrez"]
[Black "Resignify"]
[Result "0-1"]
[WhiteElo "2042"]
[BlackElo "2326"]
[TimeControl "180+1"]
[EndTime "15:08:08 PST"]
[Termination "Resignify won by checkmate"]

1. d4 Nf6 2. Nf3 g6 3. e3 Bg7 4.
Bd3 d6 5. Nbd2 O-O 6. O-O b6 7. Re1 c5 8. c3 Bb7 9. e4 cxd4 10. cxd4 Nc6 11. e5 dxe5 12. dxe5 Qxd3 13. exf6 exf6 14. Re3 Qd7 15. Qe1 Rfe8 16. Nb3 f5 17. Bd2 Rxe3 18.
Bxe3 Bxb2 19. Rd1 Qe8 20. Qf1 Ne5 21. Ng5 h6 22. Nh3 Rd8 23. Bxh6 Ng4 24. Bg5 Rxd1 25. Qxd1 Be5 26. Qd8 Qxd8 27. Bxd8 Bxh2+ 28. Kf1 Be5 29. Be7 Ba6+ 30. Ke1 Bc3+ 31. Kd1 Bf1 32. Kc2 Be5 33. f3 Bxg2 34. fxg4 Bxh3 35. gxf5 Bxf5+ 36. Kd2 Be6 37. Nc1 f5 38. Bg5 Kf7 39. Nd3 Bf6 40. Bf4 g5 41.
Bb8 a6 42. Ba7 b5 43. Nc5 Bxa2 44. Nxa6 Bc4 45. Nc5 f4 46. Ne4 Ke6 47. Bb8 Kf5 48.
Nd6+ Kg4 49. Ke1 Bc3+ 50. Kf2 Bd4+ 51. Kg2 Bd3 52. Nf7 f3+ 53. Kh2 f2 54. Nh6+ Kh5 55. Nf5 f1=Q 56. Ng3+ Kg4 57. Nxf1 Bxf1 58. Bd6 Bc3 59. Kg1 Bc4 60. Kf2 b4 61. Kg2 b3 62.
Ba3 b2 63. Bxb2 Bxb2 64. Kf2 Bd5 65. Ke3 Kh3 66. Kf2 g4 67. Kg1 Bd4+ 68. Kf1 Bf3 69. Ke1 Be3 70. Kf1 g3 71. Ke1 Bf2+ 72. Kf1 g2+ 73.
Kxf2 Kh2 74. Kxf3 g1=Q 75. Kf4 Qf1+ 76. Ke5 Qc4 77. Kf6 Kg3 78. Kg7 Qc6 79. Kf7 Kg4 80. Ke7 Kf5 81. Kf7 Qb7+ 82. Kg8 Kf6 83. Kf8 Qf7# 0-1

[Event "Late-Titled-Tuesday-Blitz-February-06-2024"]
[Site "Chess.com"]
[Date "2024.02.06"]
[Round "6"]
[White "Jahonas"]
[Black "Dinamo3"]
[Result "1/2-1/2"]
[WhiteElo "2373"]
[BlackElo "2505"]
[TimeControl "180+1"]
[EndTime "15:08:14 PST"]
[Termination "Game drawn - insufficient material"]

1. d4 Nf6 2. Nf3 g6 3. c3 Bg7 4.
Bf4 O-O 5. e3 d6 6. Nbd2 Nfd7 7.
h3 e5 8. Bh2 Qe7 9. dxe5 dxe5 10. Be2 Nc6 11. O-O a5 12. a4 Nc5 13. Qc2 Bf5 14. e4 Be6 15. Bb5 f6 16. Rfe1 Rfd8 17. Rad1 Bh6 18. Bc4 Qf7 19. b3 Rd7 20. Bxe6 Qxe6 21.
Nc4 Rad8 22. Rxd7 Rxd7 23. Rd1 b6 24. g4 Bg7 25. Rxd7 Qxd7 26. Ne1 Nd8 27. Kf1 Nde6 28. Ke2 Bh6 29. f3 Kf7 30. Nd3 Nxd3 31. Qxd3 Qxd3+ 32. Kxd3 Nc5+ 33. Kc2 Ke6 34. Bg1 Nd7 35. h4 Bf4 36. Bf2 h5 37. gxh5 gxh5 38. Kd3 Nf8 39. b4 axb4 40. cxb4 Kd7 41. a5 bxa5 42. bxa5 Kc6 43.
Ne3 Bxe3 44. Bxe3 Kb5 45. a6 Kxa6 46. Bc5 Nd7 47. Kc4 c6 48. Be7 Kb6 49. Bd8+ Kb7 50. Kb4 Kc8 51. Be7 Kc7 52. Kc4 Nb6+ 53. Kc5 Nd7+ 54. Kc4 Kb6 55. Bd8+ Kb7 56. Be7 Kc8 57. Kb4 Kb8 58. Kc4 Kb7 59. Kb4 Ka6 60. Kc4 Ka5 61.
Bd8+ Ka4 62. Be7 Ka5 63. Bd6 Kb6 64. Be7 c5 65. Kd5 Kb5 66. Ke6 Nb6 67. Bxf6 c4 68. Bxe5 Na4 69. f4 Nc5+ 70. Kd5 Nd3 71. Bd4 Nxf4+ 72.
Ke5 Ne2 73. Be3 c3 74. Kf5 c2 75. Kg6 Ng3 76. e5 Kc6 77. Kg5 Kd5 78. Bf4 Ne2 79. Bd2 Kxe5 80. Kxh5 Ke4 81. Kg4 Kd3 82.
Bg5 Nc3 83. h5 Nd5 84. h6 Ne3+ 85. Bxe3 Kxe3 86. h7 c1=Q 87. h8=Q Qg1+ 88. Kf5 Qf2+ 89. Ke6 Qa2+ 90. Ke7 Qa7+ 91. Kf8 Qb8+ 92. Kg7 Qe5+ 93. Kg8 Qe6+ 94. Kg7 Qe7+ 95. Kg8 Qe8+ 96. Kg7 Qxh8+ 97. Kxh8 1/2-1/2

[Event "Late-Titled-Tuesday-Blitz-February-06-2024"]
[Site "Chess.com"]
[Date "2024.02.06"]
[Round "6"]
[White "romulocardoso"]
[Black "martinmena"]
[Result "0-1"]
[WhiteElo "2223"]
[BlackElo "2164"]
[TimeControl "180+1"]
[EndTime "15:08:22 PST"]
[Termination "martinmena won on time"]

1. e4 c6 2. d4 d5 3. Nc3 dxe4 4. Nxe4 Nd7 5. Bc4 Ngf6 6. Ng5 e6 7. Bf4 Nb6 8. Bb3 h6 9. N5f3 Bd6 10. Ne2 Nbd5 11. Bg3 O-O 12. O-O Bxg3 13. hxg3 a5 14. c4 Ne7 15.
Nf4 b5 16. a4 bxc4 17. Bxc4 Ba6 18. Qe2 Bxc4 19. Qxc4 Qd6 20. Ne5 Rfb8 21. Rfd1 Rxb2 22. Nfd3 Rb6 23. Qc3 Nf5 24. Nc4 Nxd4 25. Nf4 Qb4 26.
Qxd4 Rbb8 27. Ne5 c5 28. Qd2 Rd8 29. Qxd8+ Rxd8 30. Rxd8+ Kh7 31. Nxf7 g5 32. Nxe6 Ng4 33. f3 Qb2 34. Rf1 Ne3 35. Rf2 Qb1+ 36. Kh2 Nf1+ 37. Kh3 Qf5+ 38. g4 Qxe6 39. Nxg5+ hxg5 40. g3 Qh6+ 41. Kg2 Ne3+ 42. Kg1 Qh3 43. Rd7+ Kg6 44. Rd6+ Kf7 45. Rd7+ Ke6 46. Rdd2 Qxg3+ 47. Kh1 Qh3+ 48. Kg1 Qg3+ 49. Kh1 Nf1 50. Rde2+ Kf6 51. Rxf1 Qh3+ 52. Kg1 Qg3+ 53. Rg2 Qf4 54. Re2 c4 55. Re4 Qg3+ 56. Kh1 c3 57. f4 Qh3+ 58. Kg1 Qg3+ 59. Kh1 c2 60. fxg5+ Kxg5 61. Ree1 Qh3+ 62. Kg1 Qxg4+ 63. Kh1 Qh3+ 64. Kg1 Qg3+ 65. Kh1 Qh4+ 66. Kg1 Qxa4 67. Rc1 Kg4 68. Kf2 Qf4+ 69. Ke2 Qe4+ 70. Kd2 Qd4+ 71.
Kxc2 a4 72. Rcd1 Qc4+ 73. Kb2 Qb3+ 74. Ka1 a3 75. Rd4+ Kg5 76. Rg1+ Kf5 77. Rf1+ Ke5 0-1

[Event "Late-Titled-Tuesday-Blitz-February-06-2024"]
[Site "Chess.com"]
[Date "2024.02.06"]
[Round "6"]
[White "DenLaz"]
[Black "DonkyDonkyDonkey"]
[Result "1-0"]
[WhiteElo "3058"]
[BlackElo "2929"]
[TimeControl "180+1"]
[EndTime "15:08:30 PST"]
[Termination "DenLaz won by resignation"]

1. d4 Nf6 2. c4 e6 3. Nf3 d5 4. g3 Be7 5. Bg2 O-O 6. O-O a5 7. Qc2 b6 8. cxd5 exd5 9. Nc3 Ba6 10. Bg5 Nbd7 11. Ne5 Bb7 12. Rfd1 h6 13. Bf4 Rc8 14.
Rac1 c6 15. e4 dxe4 16. Nxe4 Nd5 17. Bh3 Nxe5 18. dxe5 Ra8 19. Nc3 Bc5 20. Bg2 Qe7 21. Nxd5 cxd5 22. Bxd5 Bxd5 23. Rxd5 Rac8 24. Qe2 Qe6 25.
Rcd1 f6 26. Be3 fxe5 27. Bxc5 Rxc5 28. Rxc5 bxc5 29. b3 Kh8 30. Rc1 Qd6 31. Qe3 Rc8 32. Re1 Re8 33. Qc3 Qc7 34. Rc1 Rc8 35. Rd1 Qc6 36.
Qxe5 Re8 37. Qf5 a4 38. h4 axb3 39. axb3 Qb7 40. Qc2 Rb8 41. Kh2 Qf3 42. Rd3 Qc6 43. Rc3 Rc8 44. Re3 Qf6 45. Re4 Qc6 46. Rc4 Rf8 47.
Rxc5 Qf6 48. Kg1 Qa1+ 49. Qc1 Qd4 50. Rc2 Qd7 51. Rb2 Qb7 52. b4 Rc8 53. Qe3 Ra8 54.
Rb1 Qb5 55. Qe4 Re8 56. Qc2 Rd8 57. Qc5 Qd3 58. Re1 Qd2 59. Re4 Qd1+ 60. Kg2 Qd7 61. b5 Rb8 62. Qc6 Qf7 63. b6 Qg8 64. Rb4 Qf8 65.
Rb3 Qf7 66. Rf3 Qe7 67. Rb3 Qf7 68. Rb5 Rf8 69. Rb2 Rb8 70. b7 Qf8 71. Rd2 Kh7 72.
Rd7 Qf5 73. Rc7 Rf8 74. Qc2 Qxc2 75. Rxc2 Rb8 76. Rb2 Kg6 77. g4 Kf6 78. Kg3 Ke5 79.
Rb6 g5 80. hxg5 hxg5 81. Rb5+ Ke4 82. f3+ Kd4 83. f4 gxf4+ 84. Kxf4 Rf8+ 85. Kg5 Rb8 86. Kf6 Kc4 87. Rb1 Kd5 88. Ke7 Kc6 89. g5 Rg8 90.
b8=Q 1-0

[Event "Late-Titled-Tuesday-Blitz-February-06-2024"]
[Site "Chess.com"]
[Date "2024.02.06"]
[Round "6"]
[White "Mikasinski"]
[Black "IMSlavin"]
[Result "0-1"]
[WhiteElo "2599"]
[BlackElo "2354"]
[TimeControl "180+1"]
[EndTime "15:08:32 PST"]
[Termination "IMSlavin won by resignation"]

1. e4 Nc6 2. Nc3 d6 3. d4 Nf6 4. h3 e5 5. d5 Ne7 6. Bb5+ Bd7 7.
Bxd7+ Qxd7 8. Bg5 Ng6 9. Bxf6 gxf6 10. Nge2 f5 11. exf5 Qxf5 12. Ng3 Qd7 13. Qd3 Nf4 14. Qe4 h5 15. Nce2 h4 16. Nxf4 hxg3 17. fxg3 O-O-O 18. Ne2 f5 19. Qe3 Kb8 20. O-O Bh6 21. Qd3 Rdf8 22. Kh2 Rhg8 23. Rf2 Rf6 24. Raf1 Rgf8 25.
g4 f4 26. Qe4 Bg5 27. Rf3 Bh4 28. Kh1 Rh8 29. Kg1 Rfh6 30. c4 Rg8 31. b3 a6 32. Nc1 Bg3 33. Ne2 Bh4 34. c5 Qb5 35. cxd6 cxd6 36. Rc3 Rc8 37. Rxc8+ Kxc8 38.
Qf5+ Kc7 39. Qf7+ Kb6 40. Nxf4 Qc5+ 41. Kh2 exf4 42. Qxf4 Rh8 43. Rc1 Qxd5 44. Qe3+ Ka5 45. Qc3+ Kb6 46. Qc7+ Ka7 47. Rf1 Qe5+ 48. Kh1 Bg3 49.
Rd1 Rb8 50. Qc4 Qb5 51. Qd4+ Qb6 52. Qc3 Be5 53. Qf3 Qb4 54. h4 Qf4 55. Qxf4 Bxf4 56. Rf1 Be5 57. h5 Rg8 58. Rf5 Rxg4 59. Kg1 Rh4 60.
Kf2 Rg4 61. Kf3 Rg8 62. g4 Rh8 63. Ke4 Kb6 64. Kf3 Kc6 65. Kg2 Kd5 66. Kh3 Ke6 67. Rf3 d5 68. Kh4 d4 69. g5 Kd5 70. h6 Ke4 71.
Rf1 d3 72. Kh5 Bf4 73. Kg4 Be3 74. Kh5 d2 75. Rd1 Kd3 76. Rh1 Kc2 77. Rh2 Bxg5 78.
Kxg5 Kc1 79. Rh1+ d1=Q 80. Rxd1+ Kxd1 81. Kg6 Kc2 82. Kg7 Rxh6 83. Kxh6 Kb2 84. Kg5 Kxa2 85.
Kf4 0-1

[Event "Late-Titled-Tuesday-Blitz-February-06-2024"]
[Site "Chess.com"]
[Date "2024.02.06"]
[Round "6"]
[White "spaski2004"]
[Black "FaustinoOro"]
[Result "0-1"]
[WhiteElo "2936"]
[BlackElo "2775"]
[TimeControl "180+1"]
[EndTime "15:08:42 PST"]
[Termination "FaustinoOro won on time"]

1. Nf3 Nf6 2. e3 d5 3. c4 e6 4. b3 b6 5. Bb2 Bb7 6. Be2 Be7 7. Qc2 O-O 8. Nc3 c5 9. cxd5 Nxd5 10. Rd1 Nd7 11. O-O Rc8 12. Qb1 Qc7 13. Qa1 N7f6 14.
Nxd5 Bxd5 15. Be5 Qb7 16. Ne1 Rfd8 17. f3 h6 18. d4 cxd4 19. Bxd4 Bc6 20. Nd3 Bb5 21.
Rd2 Rd6 22. Rfd1 Rcd8 23. a4 Bc6 24. Ne5 Bd5 25. Qb2 Bc6 26. Nxc6 Qxc6 27. Be5 Rxd2 28. Rxd2 Qc8 29. Rxd8+ Qxd8 30. Qd4 Qc8 31. Bc4 Ne8 32. Bg3 Bc5 33. Qd2 a5 34. Kf1 Nf6 35. Ke2 Qf8 36.
Be5 Qe7 37. Bb2 Nd7 38. g3 Nf6 39. e4 Nd7 40. Qf4 Bd6 41. Qe3 Qd8 42. Qd4 Be5 43.
Qd2 Bxb2 44. Qxb2 Qe7 45. Qd4 Nc5 46. e5 Qc7 47. f4 g6 48. Bb5 Qb7 49. Bc4 Qg2+ 50.
Qf2 Qe4+ 51. Qe3 Qc2+ 52. Qd2 Qe4+ 53. Qe3 Qc6 54. Qd4 Qg2+ 55. Qf2 Qh1 56. Ke3 h5 57. Qe2 Qg1+ 58. Kd2 Qd4+ 59. Kc2 Kg7 60. Qd2 Qe4+ 61. Kb2 Qf3 62. Qc3 Qf2+ 63. Qc2 Qd4+ 64. Qc3 Qg1 65. Qd2 Ne4 66. Qe2 Qd4+ 67. Kc2 Qc3+ 68. Kd1 Nc5 69. Qd2 Qf3+ 70. Kc2 Qe4+ 71. Kb2 Qh1 72. Qc2 Qe1 73. Qc3 Qf2+ 74. Qc2 Qd4+ 75. Qc3 Qd1 76. Qc2 Qd7 77. Kc1 Qd4 78. Qd2 Qa1+ 79. Kc2 Qa2+ 80. Kd1 Qb1+ 81.
Qc1 Qe4 82. Qd2 h4 83. Kc1 hxg3 84. hxg3 Qf3 85. Qe1 Nxb3+ 86. Kb2 Nc5 0-1

[Event "Late-Titled-Tuesday-Blitz-February-06-2024"]
[Site "Chess.com"]
[Date "2024.02.06"]
[Round "6"]
[White "TheAlienParty"]
[Black "xakevicius91"]
[Result "1-0"]
[WhiteElo "2393"]
[BlackElo "2573"]
[TimeControl "180+1"]
[EndTime "15:09:10 PST"]
[Termination "TheAlienParty won by resignation"]

1. e4 c5 2. Nc3 a6 3. a4 Nc6 4. g3 g6 5. Bg2 Bg7 6. Nge2 e6 7. d3 d6 8. Be3 Rb8 9. d4 cxd4 10. Nxd4 Nge7 11.
O-O O-O 12. Qd2 Qc7 13. Rad1 Ne5 14. b3 Rd8 15. h3 Bd7 16. Nce2 Be8 17. Bh6 Bh8 18.
f4 N5c6 19. Nf3 Rbc8 20. h4 d5 21. e5 Nf5 22. Bg5 Qb6+ 23. Kh2 Ne3 24. Bxd8 Rxd8 25. Ned4 Nxf1+ 26. Bxf1 Bg7 27. Qe3 Bf8 28. c3 Rc8 29. b4 Nxd4 30. Nxd4 Bxa4 31. Rb1 Be8 32. Be2 Qc7 33. Rb3 Ba4 34. Ra3 Be8 35. h5 Be7 36.
hxg6 hxg6 37. g4 a5 38. Rxa5 Bd7 39. Ra3 Qd8 40. Kg2 Qf8 41. Bd3 Qh6 42. Ne2 Qh4 43.
Qg3 Qxg3+ 44. Kxg3 Kg7 45. Kf3 g5 46. Ra7 Bc6 47.
Nd4 Bd8 48. f5 Bb6 49. Ra3 Bxd4 50. cxd4 Bd7 51. f6+ Kg8 52. Ke3 Kf8 53. Kd2 Ke8 54. b5 Kd8 55. Ra1 Be8 56. Rh1 Ra8 57. Rh5 Ra2+ 58.
Kc1 Ra3 59. Kc2 Ra2+ 60. Kb3 Rd2 61. Kc3 Rg2 62. Rxg5 Rg3 63. Kc2 Rg2+ 64. Kd1 Rg1+ 65. Ke2 Rg2+ 66. Kf3 Rd2 67. Ke3 Rg2 68. Rg8 Rg3+ 69.
Kd2 b6 70. g5 Kd7 71. Rg7 Kd8 72. g6 fxg6 73. f7 Bxf7 74. Rxf7 g5 75. Rb7 g4 76.
Rxb6 Rg2+ 77. Ke3 g3 78. Rxe6 Rb2 79. Rg6 g2 80. b6 Ke7 81. Be2 Rxb6 82. Rxg2 Rb3+ 83.
Bd3 Rb1 84. Rg7+ Kf8 85. Rd7 Re1+ 86. Kd2 Rh1 87. Rxd5 Rh2+ 88. Kc3 Rh3 89. Kc4 Ke7 90. Rd6 Ke8 91. Bg6+ Ke7 92. Kd5 Rh1 93. Be4 Rd1 94.
Ra6 Rb1 95. Ra7+ Ke8 96. Kd6 Rb6+ 97. Bc6+ Kf8 98. e6 Kg8 99. e7 Kg7 100. e8=Q+ Kh6 101. Qh8+ Kg5 102. Rg7+ Kf4 103. Qf8+ Ke3 104. Re7+ Kd2 105. Qf2+ Kc3 106. Re3+ Kb4 107. Qa2 Rxc6+ 108. Ke7 Rc7+ 109. Kf8 Rc8+ 110. Re8 Rxe8+ 111. Kxe8 Kc3 1-0

[Event "Late-Titled-Tuesday-Blitz-February-06-2024"]
[Site "Chess.com"]
[Date "2024.02.06"]
[Round "6"]
[White "Zhigalko_Sergei"]
[Black "SchmakAttack"]
[Result "1-0"]
[WhiteElo "2950"]
[BlackElo "2759"]
[TimeControl "180+1"]
[EndTime "15:09:12 PST"]
[Termination "Zhigalko_Sergei won by resignation"]

1. e4 c6 2. d4 d5 3. e5 Bf5 4.
Nf3 e6 5. Be2 Nd7 6. O-O a5 7.
Nbd2 f6 8. c4 Nh6 9. cxd5 cxd5 10. Bb5 Nf7 11. Qa4 fxe5 12. dxe5 Bc5 13. Nb3 Bb6 14.
Nfd4 Nxe5 15. Nxf5 exf5 16. Rd1 O-O 17. Rxd5 Qe7 18.
Bf4 Qh4 19. Bxe5 Qxf2+ 20. Kh1 Nxe5 21. Rxe5 Qxb2 22. Rae1 Kh8 23. R5e2 Qc3 24. Qc4 Qxc4 25. Bxc4 a4 26. Nc1 Bd4 27. Nd3 g6 28. Bd5 Rad8 29.
Bxb7 Bc3 30. Rd1 Rd7 31. Bc6 Rd4 32. g3 Rfd8 33. Re8+ Rxe8 34. Bxe8 Kg7 35. Kg2 Kf6 36. Kf3 a3 37. Bb5 Rd5 38. Bc4 Rd4 39. Bb3 g5 40.
Nc5 g4+ 41. Ke2 Rb4 42. Rd6+ Kg7 43. Ra6 Bb2 44. Ne6+ Kf6 45. Nf4+ Kg7 46. Ra7+ Kf8 47. Ne6+ Ke8 48. Ng7+ Kf8 49. Nxf5 Re4+ 50. Kd3 Re5 51. Ne3 Bc1 52. Nxg4 Re1 53. Rxh7 Ke8 54. Ra7 Kd8 55. Ra6 Rg1 56. Bd5 Kd7 57. Kc2 Kc7 58. Nf6 Bb2 59. Rc6+ Kb7 60. Rc3+ Ka7 61. Rf3 Rg2+ 62. Kb3 Rxh2 63.
Ne4 Rh5 64. Bc4 Rh6 65. Nc3 Rh3 66. Nb5+ Kb6 67. Nxa3 Be5 68. Bd5 Rxg3 69. Nc4+ Kc5 70. Nxe5 Rg5 71. Nd7+ Kxd5 72. Rc3 Rg7 73. Nb6+ Kd4 74.
Rc4+ Kd3 75. a4 Rg1 76. Rc3+ Kd4 77. Rc4+ Kd3 78. Rc3+ Kd4 79. Nc4 Rb1+ 80. Nb2 Rg1 81.
Rc4+ Kd5 82. a5 Rg3+ 83. Kb4 Rg8 84. Rc5+ Kd6 85. Nc4+ Kd7 86. Nb6+ Kd6 87. Kb5 Rg1 88. Rc6+ Ke7 89. Nc4 Rb1+ 90. Kc5 Kd7 91. a6 Ra1 92.
Rd6+ Kc7 93. Rh6 Kb8 94. Kb5 Ka7 95. Rh7+ Kb8 96. Rg7 Ra2 97. Na5 Ra1 98. Nc6+ Kc8 99. Rg8+ Kc7 100. a7 Kb7 101. Rb8+ Kc7 102. a8=Q 1-0

[Event "Late-Titled-Tuesday-Blitz-February-06-2024"]
[Site "Chess.com"]
[Date "2024.02.06"]
[Round "6"]
[White "Semetey"]
[Black "temus_galaktionov"]
[Result "1/2-1/2"]
[WhiteElo "2631"]
[BlackElo "2868"]
[TimeControl "180+1"]
[EndTime "15:10:11 PST"]
[Termination "Game drawn by repetition"]

1. e4 c6 2. d3 g6 3. Nd2 Bg7 4. Ngf3 d6 5. g3 Nd7 6. Bg2 Ngf6 7. O-O O-O 8. c3 e5 9. Re1 Qc7 10. d4 Re8 11. dxe5 Nxe5 12. Nxe5 dxe5 13. Nc4 Rd8 14. Qe2 b6 15. a4 Ba6 16. b3 Ne8 17. Ba3 c5 18. Bf1 Nd6 19. Qf3 Nxc4 20. Bxc4 Bxc4 21. bxc4 Rd2 22. Bc1 Rd6 23. Ba3 Rad8 24. Rad1 Qd7 25.
Rxd6 Qxd6 26. Bc1 h6 27. Be3 Qd3 28. a5 Qxc3 29. Rd1 Rxd1+ 30. Qxd1 Qxc4 31. Qd8+ Kh7 32. axb6 axb6 33. Qxb6 Bf8 34. Qd8 Bg7 35. Qc7 Qxe4 36. Qxc5 h5 37. h4 Qf3 38. Qe7 Qd5 39. Bg5 Qf3 40. Qe8 Qf5 41. Qe7 e4 42. Be3 Be5 43. Qg5 Qe6 44. Qd8 Bf6 45. Qf8 Bg7 46. Qd8 Qe5 47. Qd7 Qa1+ 48. Kg2 Qf6 49. Qe8 Qf3+ 50. Kg1 Bc3 51. Qe7 Qf5 52. Qf8 Be5 53. Qh6+ Kg8 54. Qg5 Qxg5 55. Bxg5 f6 56. Be3 Kf7 57. Kf1 Ke6 58. Ke2 Kf5 59. Kf1 Kg4 60. Kg2 g5 61. hxg5 fxg5 62. Bc5 h4 63. gxh4 gxh4 64. Be3 h3+ 65. Kg1 Kf3 66. Bb6 Bf4 67. Bc5 Bg5 68. Bb6 Bh4 69. Bc7 Bxf2+ 70. Kh2 Kg4 71. Ba5 Be3 72. Kh1 Kf3 73. Bb4 Ke2 74. Ba5 Bd4 75.
Bd8 Kf3 76. Bg5 Be3 77. Bd8 Bf2 78. Bc7 e3 79. Ba5 e2 80. Bb4 Bg3 81. Ba5 Ke4 82.
Bb4 Kd3 83. Ba5 Kc2 84. Bb4 Kd1 85. Ba5 Be1 86. Bd8 Bd2 87. Bh4 Bf4 88. Kg1 Kd2 89. Kh1 Ke3 90. Be1 Kf3 91. Kg1 Ke3 92. Kh1 Kf3 93.
Kg1 Be3+ 94. Kh2 Kg4 95. Kh1 Bf4 96. Kg1 Kf3 97. Kh1 h2 98. Bc3 Ke3 99. Be1 Kd3 100. Kg2 Kc2 101. Kh1 Kd1 102. Bh4 Kd2 103. Kg2 Bd6 104. Kh1 Ke3 105. Kg2 Ke4 106. Be1 Kd3 107. Kh1 Ke3 108. Kg2 Be5 109. Kh1 Kf3 110. Bd2 Bg3 111. Bc3 Ke4 112. Bd2 Kd3 113. Ba5 Kc2 114. Kg2 Kd1 115. Bb4 Be1 116.
Bd6 Bc3 117. Bg3 Be5 118. Bh4 Kd2 119. Kh1 Ke3 120. Kg2 Ke4 121. Kh1 Kf3 122. Be1 Bf4 123. Bc3 Ke4 124. Be1 Kd3 125. Kg2 Ke3 126. Bh4 Ke4 127. Bf2 Kd3 128. Be1 1/2-1/2

[Event "Late-Titled-Tuesday-Blitz-February-06-2024"]
[Site "Chess.com"]
[Date "2024.02.06"]
[Round "7"]
[White "gurudub"]
[Black "egnfanclub"]
[Result "0-1"]
[WhiteElo "2111"]
[BlackElo "2360"]
[TimeControl "180+1"]
[EndTime "15:12:56 PST"]
[Termination "egnfanclub won by resignation"]

1. e4 e5 2. Nf3 Nc6 3. Bb5 a6 4. Ba4 d6 5. O-O Bg4 6. h3 h5 7. d3 Qf6 8. Nbd2 Ne7 9. c3 Ng6 10. Re1 Nf4 11. hxg4 hxg4 12. Nh2 Nxg2 13. Kxg2 Rxh2+ 14. Kxh2 Qxf2+ 15. Kh1 g3 0-1